 Dungeon Crawl Stone Soup version 0.26.1-11-gd32895ea62 (webtiles) character file.

Game seed: 8860491213581035161

102 Revguard the Grave Robber (level 4, -17/35 HPs)
             Began as a Ghoul Necromancer on July 26, 2021.
             Demolished by an ogre
             ... wielding a cursed -3 giant spiked club
              (30 damage)
             ... on level 3 of the Dungeon.
             The game lasted 00:09:26 (2194 turns).

Revguard the Grave Robber (Ghoul Necromancer)       Turns: 2194, Time: 00:09:27

Health: -17/35     AC:  4    Str: 11    XL:     4   Next: 77%
Magic:  0/6        EV: 12    Int: 11    God:
Gold:   143        SH:  0    Dex:  9    Spells: 2/7 levels left

rFire    . . .     SeeInvis .     - Unarmed
rCold    + . .     Faith    .   (no shield)
rNeg     + + +     Spirit   .   e - +0 leather armour
rPois    ∞         Reflect  .   (no helmet)
rElec    .         Harm     .   (no cloak)
rCorr    .         Rampage  .   (no gloves)
Will     .....                  g - +0 pair of boots
Stlth    ++........             (no amulet)
HPRegen  0.00/turn              b - ring of flight
MPRegen  0.10/turn              (no ring)

@: no status effects
A: claws 1, cold resistance 1, negative energy resistance 3, inhibited
regeneration, torment resistance, unbreathing
a: Evoke Flight


You were on level 3 of the Dungeon.
You visited 1 branch of the dungeon, and saw 3 of its levels.

You collected 143 gold pieces.

Inventory:

Armour
 a - a +0 robe
 e - a +0 leather armour (worn)
 g - a +0 pair of boots (worn)
Jewellery
 b - a ring of flight (left claw)
Scrolls
 c - a scroll of teleportation {unknown}
 h - 2 scrolls of noise
Potions
 d - a potion of flight


   Skills:
 + Level 1.1 Fighting
 + Level 1.0 Armour
 + Level 2.2 Dodging
 + Level 2.9 Stealth
 + Level 1.2 Unarmed Combat
 * Level 2.4 Spellcasting
 + Level 4.2 Necromancy
 + Level 0.5 Evocations


You had 2 spell levels left.
You knew the following spells:

 Your Spells              Type           Power        Failure   Level
a - Pain                  Necr           40%          6%          1
b - Vampiric Draining     Necr           5%           19%         3
c - Animate Skeleton      Necr           20%          6%          1

Your spell library contained the following spells:

 Spells                   Type           Power        Failure   Level
 Animate Dead             Necr           5%           54%         4
 Agony                    Necr           10%          87%         5


Dungeon Overview and Level Annotations

Branches:
Dungeon (3/15)

Altars:


Innate Abilities, Weirdness & Mutations

You thrive by killing the living.
You are immune to poison.
You have sharp fingernails.
Your flesh is cold resistant. (rC+)
You are immune to negative energy. (rN+++)
You do not regenerate when monsters are visible.
You are immune to unholy pain and torment.
You can survive without breathing.


Message History

The ogre writhes in agony.
The ogre barely misses you.
You see here a kobold skeleton.
Found an escape hatch in the ceiling.
You see here a poisoned dart.
You see here a poisoned dart.
Aiming: Pain (safe; 6% risk of failure)
Press: ? - help, Q - select action, (/) - cycle Shift-Dir - straight line, f/p - ogre
Aim: an ogre, wielding a -3 giant spiked club (severely wounded, chance to affect: 63%)
The ogre resists with significant effort.
You barely miss the ogre.
The ogre is severely wounded.
The ogre barely misses you.
Aiming: Pain (safe; 6% risk of failure)
Press: ? - help, Q - select action, (/) - cycle Shift-Dir - straight line, f/p - ogre
Aim: an ogre, wielding a -3 giant spiked club (severely wounded, chance to affect: 63%)
The ogre writhes in agony.
The ogre hits you with a cursed -3 giant spiked club!!
Ouch! That really hurt!
You die...

###### #..... #..<..
#..... #.#.....
..+.....######
#.#......@O..#
#.####+#.###.####
#........(O.....#
########.####<......##.#
...........>.÷...#### #
..[..............#
.................####
.....................
((.(.........(...####


You could see an ogre.

Vanquished Creatures
  Terence (D:2)
  4 adders
  A leopard gecko (D:2)
  7 bats
  4 goblins
  6 hobgoblins
  6 jackals (D:3)
  2 frilled lizards (D:1)
  8 kobolds
  3 rats
42 creatures vanquished.

Notes
Turn   | Place    | Note
-------+----------+-------------------------------------------
     0 | D:1      | Revguard the Ghoul Necromancer began the quest for the Orb.
     0 | D:1      | Reached XP level 1. HP: 14/14 MP: 2/2
   266 | D:1      | Reached XP level 2. HP: 14/20 MP: 1/3
   769 | D:1      | You fall into a shaft and drop 1 floor!
   948 | D:2      | Reached XP level 3. HP: 18/27 MP: 3/5
  1049 | D:2      | Learned a level 3 spell: Vampiric Draining
  1104 | D:2      | Reached skill level 1 in Unarmed Combat
  1512 | D:3      | Reached skill level 1 in Fighting
  1512 | D:3      | Reached XP level 4. HP: 35/35 MP: 1/6
  1524 | D:3      | Noticed Terence
  1766 | D:2      | Killed Terence
  1767 | D:2      | Reached skill level 1 in Armour
  2022 | D:3      | Noticed an ogre
  2059 | D:3      | Learned a level 1 spell: Animate Skeleton
  2194 | D:3      | Demolished by an ogre

Illustrated notes

Levels and vault maps discovered:
D:1:      psy_arrival_fountain, layout_loops_ring
D:2:      layout_rooms
D:3:      layout_basic, kennysheep_big_empty_room, uniq_terence

Skill      XL: |  1  2  3  4 |
---------------+-------------+-----
Spellcasting   | 2 |  2.4
Dodging        | 2 |  2.2
Unarmed Combat | 1 |  1.2
Fighting       | 1 |  1.1
Armour         | 1 |  1.0
Stealth        | |  2.9
Necromancy     | |  4.2
Evocations     | |  0.5

Action                   |  1- 3 |  4- 6 || total
-------------------------+-------+-------++-------
Melee: Unarmed           |    62 |    46 ||   108
 Cast: Pain              |    44 |    34 ||    78
  Use: Scroll            |     4 |     3 ||     7
       Potion            |       |     1 ||     1
 Stab: Sleeping          |     3 |       ||     3
Armor: Robe              |    21 |       ||    21
       Leather armour    |     1 |    22 ||    23
Dodge: Dodged            |    48 |    46 ||    94
